Map: 莱瑞拉克之冠

Players

Quail - Winner!

  • Race: Protoss Protoss
  • League: Diamond

臣妾控不到

  • Race: Zerg Zerg
  • League: Diamond

VOD

Have the link to the VOD?

Description

Time

  • Played on: Dec. 6, 2015, 8:45 a.m.
  • Length: 16:04
Show
View Real Time Build Order
Export as new Build Order

Quail Protoss - Winner!

Build Orders: 1 Gate Expand 

Get SALT Encoding   

  12  0:01  Probe (Chrono Boost)  
  13  0:11  Probe (Chrono Boost)  
  14  0:18  Pylon  
  14  0:22  Probe (Chrono Boost)  
  15  0:36  Probe (Chrono Boost)  
  15  0:38  Gateway  
  16  0:45  Assimilator  
  16  0:47  Probe (Chrono Boost)  
  17  0:57  Probe (Chrono Boost)  
  18  1:19  Nexus  
  18  1:22  Probe (Chrono Boost)  
  19  1:33  Cybernetics Core  
  19  1:37  Probe (Chrono Boost)  
  20  1:47  Probe (Chrono Boost)  
  21  1:57  Pylon  
  21  1:58  Probe (Chrono Boost)  
  22  2:07  Assimilator  
  23  2:08  Probe (Chrono Boost)  
  23  2:15  Adept (Chrono Boost)  
  25  2:20  Mothership Core  
  27  2:36  Probe, Pylon  
  27  2:41  Probe  
  27  2:42  Adept (Chrono Boost)  
  31  2:47  Probe  
  32  2:53  Probe  
  32  2:54  Robotics Facility  
  32  2:57  Probe  
  33  3:05  Probe  
  35  3:06  Warp Gate (Chrono Boost)  
  35  3:08  Probe  
  36  3:17  Sentry (Chrono Boost), Probe  
  39  3:22  Gateway  
  39  3:25  Probe  
  40  3:29  Probe  
  41  3:35  Pylon  
  41  3:36  Probe  
  41  3:39  Observer (Chrono Boost)  
  43  3:41  Probe  
  45  3:48  Probe  
  45  3:50  Adept  
  45  3:53  Probe  
  48  3:56  Pylon  
  48  3:57  Observer  
  48  4:00  Probe  
  50  4:03  Assimilator  
  50  4:05  Probe  
  50  4:08  Assimilator  
  51  4:17  Stalker  
  51  4:18  Pylon, Warp Prism  
  51  4:19  Stalker  
  57  4:26  Probe  
  57  4:27  Probe  
  59  4:35  Gateway  
  59  4:39  Probe  
  59  4:42  Probe  
  61  4:46  Pylon  
  61  4:51  Probe  
  62  4:54  Immortal  
  62  4:57  Twilight Council  
  66  5:15  Adept x2  
  66  5:17  Probe x2  
  66  5:19  Pylon  
  72  5:25  Gateway  
  72  5:29  Probe x2  
  72  5:33  Resonating Glaives (Chrono Boost)  
  74  5:41  Probe x2  
  74  5:42  Adept x3  
  82  5:48  Robotics Bay  
  82  5:56  Immortal  
  87  6:04  Probe  
  77  6:12  Templar Archives  
  77  6:14  Adept x2  
  77  6:15  Adept  
  83  6:26  Forge  
  83  6:32  Disruptor  
  83  6:34  Pylon  
  83  6:38  Pylon  
  86  6:40  Pylon  
  86  6:51  Adept x4  
  94  6:55  Pylon  
  94  6:56  Psionic Storm, Gravitic Drive  
  94  7:00  Protoss Ground Weapons Level 1 (Chrono Boost)  
  94  7:09  Photon Cannon  
  94  7:17  Disruptor, Photon Cannon  
  94  7:19  Adept x4  
  105  7:40  Nexus  
  105  7:43  Pylon, High Templar  
  107  7:46  Pylon  
  103  7:57  Disruptor  
  100  8:00  Adept x2  
  100  8:01  Adept  
  108  8:15  Probe x2  
  110  8:25  Robotics Facility  
  110  8:26  Nexus  
  110  8:36  Adept x3  
  110  8:37  Adept  
  118  8:47  Gateway  
  118  8:48  Disruptor  
  121  9:00  Pylon  
  121  9:01  Photon Cannon  
  121  9:07  High Templar x2  
  125  9:11  Pylon  
  125  9:14  Pylon  
  125  9:15  Observer  
  125  9:19  Disruptor  
  125  9:26  Adept x2  
  125  9:29  Protoss Ground Weapons Level 2 (Chrono Boost)  
  132  9:40  Probe x2  
  132  9:43  Mothership Core  
  134  9:48  Assimilator  
  136  9:54  Assimilator  
  136  10:02  Disruptor  
  136  10:07  Disruptor  
  136  10:10  Probe x2  
  144  10:20  Stargate  
  144  10:23  Pylon  
  144  10:25  Stargate  
  144  10:27  Photon Cannon  
  144  10:29  Photon Cannon  
  144  10:31  Adept x3  
  141  10:39  Colossus  
  141  10:49  Warp Prism  
  149  10:51  Adept  
  151  11:08  Stargate  
  151  11:11  Adept x3  
  155  11:16  Probe  
  155  11:17  Probe  
  159  11:25  Disruptor  
  162  11:28  Protoss Ground Armor Level 1 (Chrono Boost)  
  162  11:30  Fleet Beacon  
  162  11:43  Zealot x4  
  162  12:01  Adept  
  162  12:06  Adept  
  164  12:11  Probe  
  164  12:12  Probe x2  
  165  12:20  Colossus  
  165  12:21  Probe  
  161  12:24  Probe, Pylon x2, High Templar  
  165  12:41  Colossus  
  165  12:42  Tempest  
  175  12:46  Nexus  
  175  12:48  High Templar x3  
  181  13:02  Pylon  
  181  13:13  Colossus  
  187  13:57  Tempest x3  
  187  14:01  Pylon  
  199  14:06  Pylon  
  199  14:08  Pylon  
  136  14:18  Immortal  
  115  14:31  Adept x4  
  121  14:37  Immortal  
  127  14:40  Tempest x2  
  111  14:59  Tempest  
  115  15:06  Immortal  
  118  15:26  Adept x3  
Show
View Real Time Build Order
Export as new Build Order

臣妾控不到 Zerg 

Build Orders: Hatch First, Lurkers 

Get SALT Encoding   

  12  0:01  Drone  
  13  0:12  Overlord  
  13  0:17  Drone  
  14  0:31  Drone x2  
  14  0:34  Drone  
  17  0:56  Hatchery  
  16  0:57  Drone  
  16  1:01  Extractor  
  16  1:02  Drone  
  17  1:09  Drone  
  18  1:20  Spawning Pool  
  18  1:24  Drone  
  18  1:28  Drone  
  19  1:39  Overlord  
  19  2:09  Zergling x6  
  19  2:11  Queen  
  19  2:12  Queen  
  19  2:14  Metabolic Boost  
  26  2:17  Drone  
  26  2:21  Drone  
  28  2:30  Drone x2  
  28  2:34  Drone  
  31  2:41  Overlord  
  31  2:51  Queen  
  31  2:54  Drone x3  
  36  3:08  Drone x2  
  38  3:15  Drone x2  
  40  3:28  Drone x3  
  40  3:29  Hatchery, Drone  
  43  3:40  Lair  
  43  3:49  Drone  
  43  3:50  Overlord x2  
  43  3:54  Extractor x2  
  42  4:05  Spore Crawler  
  42  4:07  Spore Crawler  
  40  4:11  Drone  
  40  4:12  Drone x8  
  49  4:48  Drone x2  
  49  4:50  Overlord x3, Hydralisk Den  
  50  5:05  Overseer  
  50  5:16  Queen  
  52  5:32  Hydralisk x4, Muscular Augments  
  52  5:33  Hydralisk x7  
  52  5:35  Zergling x2  
  75  5:36  Zergling x8  
  79  6:15  Hydralisk x4  
  79  6:16  Hydralisk  
  79  6:17  Zergling x2  
  90  6:20  Overlord x4  
  90  6:57  Spore Crawler  
  90  6:59  Hydralisk x9  
  90  7:01  Zergling x18  
  114  7:26  Lurker Den  
  114  7:31  Drone  
  114  7:32  Drone x6  
  85  8:02  Zergling x2  
  85  8:03  Zergling x20  
  90  8:31  Drone x2  
  90  8:32  Drone x10  
  102  8:34  Extractor  
  102  8:36  Extractor  
  102  8:38  Infestation Pit  
  99  8:50  Evolution Chamber  
  99  8:55  Evolution Chamber  
  97  8:56  Lurker  
  97  8:57  Lurker x6  
  104  9:03  Zergling x4  
  104  9:04  Zergling x16  
  114  9:35  Zerg Melee Weapons Level 1  
  114  9:36  Zerg Ground Armor Level 1  
  114  9:40  Extractor  
  114  9:45  Hydralisk x3  
  115  9:48  Overseer  
  115  9:52  Overlord x2  
  119  9:53  Overlord  
  116  10:12  Hydralisk  
  116  10:13  Hydralisk x3  
  124  10:43  Hive  
  124  11:08  Spire  
  124  11:09  Drone x5  
  128  11:27  Hatchery  
  128  11:32  Overseer  
  127  11:33  Pneumatized Carapace  
  127  11:38  Hatchery, Zerg Melee Weapons Level 2  
  127  11:39  Zerg Ground Armor Level 2  
  116  12:24  Ultralisk Cavern  
  113  12:51  Overlord x4  
  113  12:52  Overlord  
  113  12:59  Greater Spire  
  113  13:03  Corruptor x5  
  113  13:04  Corruptor  
  137  13:12  Ultralisk  
  137  13:13  Ultralisk x2  
  137  13:16  Zergling x2  
  137  13:17  Zergling x42  
  137  13:18  Zergling x22  
  137  13:19  Chitinous Plating  
  176  13:47  Ultralisk x2  
  100  14:29  Zergling x2  
  100  14:30  Zergling x44  
  117  14:36  Brood Lord  
  117  14:37  Brood Lord x4  
  124  14:58  Corruptor  
  124  14:59  Corruptor x2  
  123  15:24  Zergling x2  
  123  15:25  Zergling x28  
Tags
 
Add a new tag
Caveats
  • Supply blocks, unpowered buildings, or Contaminate may cause inaccurate times.
  • Supply counts are checked every 10 seconds.